 Dungeon Crawl Stone Soup version 0.25.1-2-g60ff931df9 (webtiles) character file.

Game seed: 12881217460466456467

121 lepoulpe303 the Shooter (level 4, -5/36 HPs)
             Began as a Centaur Arcane Marksman on Sept 7, 2020.
             Killed from afar by an orc wizard (7 damage)
             ... with a magic dart
             ... on level 3 of the Dungeon.
             The game lasted 00:15:11 (2702 turns).

lepoulpe303 the Shooter (Centaur Arcane Marksman)   Turns: 2702, Time: 00:15:12

Health: -5/36      AC:  4    Str: 13    XL:     4   Next: 76%
Magic:  6/6        EV: 10    Int: 12    God:
Gold:   69         SH:  0    Dex: 10    Spells: 0/6 levels left

rFire    . . .     SeeInvis .   q - +0 falchion
rCold    . . .     Gourm    .   (no shield)
rNeg     . . .     Faith    .   f - +0 robe
rPois    .         Spirit   .   (no helmet)
rElec    .         Reflect  .   (no cloak)
rCorr    .         Harm     .   (no gloves)
MR       .....                  (no barding)
Stlth    +.........             R - amulet of regeneration
HPRegen  0.52/turn              (no ring)
MPRegen  0.10/turn              (no ring)

@: slowed
A: large, hooves 3, deformed body, speed 2, tough skin 3
a: no special abilities


You were on level 3 of the Dungeon.
You were not hungry.

You visited 1 branch of the dungeon, and saw 3 of its levels.

You collected 69 gold pieces.

Inventory:

Hand Weapons
 a - a +0 shortbow
 b - a +0 dagger
 q - a +0 falchion (weapon)
Missiles
 Q - 5 arrows
Armour
 f - a +0 robe (worn)
Jewellery
 R - an amulet of regeneration (around neck)
Scrolls
 d - a scroll of noise {unknown}
 h - a scroll of immolation {unknown}
 i - 4 scrolls of identify
 l - 4 scrolls of remove curse {unknown}
 o - a scroll of fear {unknown}
 p - a scroll of teleportation {unknown}
Potions
 c - 2 potions of lignification {unknown}
 g - a potion of might {unknown}
 j - a potion of ambrosia {unknown}
 m - 2 potions of mutation {unknown}
 n - a potion of curing {unknown}
Comestibles
 e - 2 rations
 k - 2 chunks of flesh


   Skills:
 + Level 2.1 Fighting
 + Level 3.7 Bows
 + Level 2.0 Dodging
 + Level 1.7 Spellcasting
 + Level 3.2 Hexes
 + Level 0.6 Translocations


You couldn't memorise any spells.
You knew the following spells:

 Your Spells              Type           Power        Failure   Level  Hunger
a - Portal Projectile     Hex/Tloc       #.....       36%         3    ####...
s - Slow                  Hex            #.......     11%         2    ###....
v - Corona                Hex            #......      8%          1    ##.....

Your spell library contained the following spells:

 Spells                   Type           Power        Failure   Level  Hunger
 Apportation              Tloc           #.....       22%         1    ##.....
 Animate Skeleton         Necr           N/A          28%         1    ##.....
 Summon Small Mammal      Summ           #...         28%         1    ##.....
 Inner Flame              Hex/Fire       #.......     41%         3    ####...
 Cause Fear               Hex            #.........   58%         4    #####..
 Leda's Liquefaction      Hex/Erth       #.........   82%         4    #####..


Dungeon Overview and Level Annotations

Branches:
Dungeon (3/15)

Altars:
Gozag
Makhleb


Innate Abilities, Weirdness & Mutations

You have hooves in place of feet.
Armour fits poorly on your strangely shaped body.
You cover ground very quickly.
You have extremely tough skin. (AC +3)


Message History

The orc wizard blinks!
You hit the orc wizard but do no damage.
You feel yourself speed up. The orc wizard closely misses you.
The orc wizard hits you but does no damage. x2
You miss the orc wizard.
The orc wizard hits you but does no damage.
The orc wizard points at you and mumbles some strange words.
You resist with some effort. The orc wizard casts a spell at you.
The magic dart hits you.
* * * LOW HITPOINT WARNING * * *
You take 5 damage, and have 1/36 hp.
Unknown command.
The orc wizard casts a spell at you.
You feel yourself slow down.
Some of the chunks of flesh in your inventory have rotted away.
The orc wizard points at you and mumbles some strange words.
The magic dart hits you!
You die...

...........# ...........+
... ...........###### ....
.#+##+#(........# ....
#....).####. #.#. #.......#
... #.....o.# .# ..
#.......# #.#
######.....@.# #.#
..........#.#'###.#######
#.........#.....#.......#
##...............#.......#
...........#.....#.......#
#..........'.รท...........#
#
##..........#.....#.......#
#
#...........#.....#........
#
#......##.#>#.....#.......#


You could see an orc wizard (fast).

Levels and vault maps discovered:
D:1:      heliophobic_arrival_ceremonial_halls, layout_loops_ring
D:2:      layout_loops_ring, overflow_temple_1_default
D:3:      layout_basic, grunt_temple_overflow_open, first_ration,
          cheibrodos_gnoll_hut, uniq_crazy_yiuf_cottage

Notes
Turn   | Place    | Note
-------+----------+-------------------------------------------
     0 | D:1      | lepoulpe303 the Centaur Arcane Marksman began the quest for
                  | the Orb.
     0 | D:1      | Reached XP level 1. HP: 16/16 MP: 2/2
    45 | D:1      | Identified a cursed -2 club
    62 | D:1      | lepoulpe303: !whichgod cegl
    62 | D:1      | meem: 16 recent wins for cegl: 10x Okawaru, 2x The Shining
                  | One, Gozag, Hepliaklqana, Jiyva, Trog
    93 | D:1      | Identified a +0 club
   300 | D:1      | Identified a +0 dagger
   301 | D:1      | Reached XP level 2. HP: 23/23 MP: 3/3
   310 | D:1      | Reached skill level 3 in Bows
   367 | D:1      | Identified a +0 club
   443 | D:1      | Identified a +0 dagger
   443 | D:1      | Identified a +0 dagger
   479 | D:1      | Identified a +0 dagger
   542 | D:1      | Identified a +0 dagger
   584 | D:1      | Reached XP level 3. HP: 28/28 MP: 4/4
   593 | D:1      | Reached skill level 3 in Hexes
   871 | D:1      | Identified a +0 dagger
  1078 | D:1      | Identified 3 scrolls of identify
  1078 | D:1      | Identified an amulet of regeneration (You found it on level
                  | 1 of the Dungeon)
  1091 | D:2      | Identified a +0 club
  1156 | D:2      | Identified a +0 shortbow
  1260 | D:2      | Identified a +0 club
  1385 | D:2      | Identified a +0 dagger
  1653 | D:2      | Reached XP level 4. HP: 36/36 MP: 6/6
  1657 | D:2      | Learned a level 2 spell: Slow
  1661 | D:2      | Learned a level 3 spell: Portal Projectile
  1934 | D:2      | Found an opulent altar of Gozag.
  1949 | D:2      | Reached skill level 2 in Fighting
  2043 | D:3      | Identified a cursed -3 mace
  2043 | D:3      | Identified a +0 leather armour
  2043 | D:3      | Identified a +0 short sword
  2043 | D:3      | Identified a +1 ring mail of magic resistance
  2043 | D:3      | Identified a +0 dagger
  2043 | D:3      | Identified a +0 short sword
  2043 | D:3      | Identified a +0 dagger
  2043 | D:3      | Identified a +0 robe
  2132 | D:3      | Identified a +0 club
  2132 | D:3      | Identified a +0 falchion
  2132 | D:3      | Identified a cursed +0 ring mail
  2132 | D:3      | Identified a +0 flail
  2132 | D:3      | Identified a +0 scale mail
  2134 | D:3      | Identified a +0 flail
  2135 | D:3      | Identified a +0 mace
  2292 | D:3      | Reached skill level 2 in Dodging
  2358 | D:3      | HP: 9/36 [orc/+0 short sword (6)]
  2359 | D:3      | HP: 2/36 [orc/cursed -3 mace (6)]
  2576 | D:3      | Identified a +0 short sword
  2655 | D:3      | Found a burning altar of Makhleb.
  2662 | D:3      | Identified a +0 club
  2690 | D:3      | HP: 9/36 [orc wizard/+0 dagger (2)]
  2691 | D:3      | HP: 2/36 [orc wizard/+0 dagger (3)]
  2699 | D:3      | HP: 1/36 [orc wizard/magic dart (6)]
  2702 | D:3      | Killed from afar by an orc wizard

Table legend:
 A = Turns spent in this place as a percentage of turns spent in the entire game.
 B = Non-inter-level travel turns spent in this place as a percentage of non-inter-level travel turns spent in the entire game.
 C = Inter-level travel turns spent in this place as a percentage of turns spent in this place.
 D = Turns resting spent in this place as a percentage of non-inter-level travel turns spent in this place.
 E = Turns spent auto-exploring this place as a percentage of non-inter-level travel turns spent in this place.
 F = Non-inter-level travel turns spent in this place divided by the number of levels of this place that you've seen.
                   A       B       C       D       E      F
               +-------+-------+-------+-------+-------+----------------------
         Total | 100.0 | 100.0 |   3.6 |  15.5 |  55.5 | 868.0
       Dungeon | 100.0 | 100.0 |   3.6 |  15.5 |  55.5 | 868.0
               +-------+-------+-------+-------+-------+----------------------

Table legend:
 A = Kills in this place as a percentage of kills in entire the game.
 B = Kills by you in this place as a percentage of kills by you in the entire game.
 C = Kills by friends in this place as a percentage of kills by friends in the entire game.
 D = Other kills in this place as a percentage of other kills in the entire game.
 E = Experience gained in this place as a percentage of experience gained in the entire game.
 F = Experience gained in this place divided by the number of levels of this place that you have seen.
                   A       B       C       D       E      F
               +-------+-------+-------+-------+-------+----------------------
         Total | 100.0 | 100.0 |   N/A |   N/A | 100.0 |  57.7
       Dungeon | 100.0 | 100.0 |   N/A |   N/A | 100.0 |  57.7
               +-------+-------+-------+-------+-------+----------------------

Skill      XL: |  1  2  3  4 |
---------------+-------------+-----
Bows           | 3 |  3.7
Hexes          | 3 |  3.2
Fighting       | 2 |  2.1
Dodging        | 2 |  2.0
Spellcasting   | |  1.7
Translocations | |  0.6

Action                   |  1- 3 |  4- 6 || total
-------------------------+-------+-------++-------
Melee: Shortbow          |     3 |       ||     3
       Dagger            |    56 |    75 ||   131
       Kick              |     9 |    27 ||    36
       Falchion          |       |    58 ||    58
 Fire: Shortbow          |   111 |       ||   111
 Cast: Corona            |    11 |    10 ||    21
  Use: Scroll            |     1 |       ||     1
  Eat: Chunk             |     2 |     3 ||     5
Armor: Robe              |    31 |    47 ||    78
Dodge: Dodged            |    58 |    85 ||   143
       Rpst.: Falchion   |       |    15 ||    15

Vanquished Creatures
  3 adders (D:2)
  An ooze (D:2)
  A worm (D:2)
  2 dart slugs (D:1)
  2 leopard geckos
  7 orcs
  5 bats
  5 giant cockroaches
  16 goblins
  8 hobgoblins
  2 kobolds
  A ball python (D:1)
  10 frilled lizards
  4 rats
67 creatures vanquished.
